 Dungeon Crawl Stone Soup version 0.20.1-1-g8b1a95d (webtiles) character file.

275 homeworkjunkie the Chopper (level 6, 0/53 HPs)
             Began as a Hill Orc Fighter on Nov 24, 2017.
             Succumbed to an orc's poison
             ... on level 4 of the Dungeon.
             The game lasted 00:03:15 (2213 turns).

homeworkjunkie the Chopper (Hill Orc Fighter)       Turns: 2213, Time: 00:03:15

Health: 0/53       AC: 11    Str: 20    XL:     6   Next: 24%
Magic:  6/6        EV:  7    Int: 13    God:
Gold:   131        SH:  9    Dex: 11    Spells: 5/5 levels left

rFire    + . .     SeeInvis .   a - +0 war axe
rCold    . . .     Gourm    .   c - +0 shield
rNeg     . . .     Faith    .   i - +3 scale mail {rF+}
rPois    .         Spirit   .   (no helmet)
rElec    .         Reflect  .   (no cloak)
rCorr    .         Harm     .   (no gloves)
MR       .....                  b - +0 pair of boots
Stlth    ..........             (no amulet)
Regen    0.2/turn               (no ring)
MPRegen  0.1/turn               (no ring)

@: brilliant, lethally poisoned (0 -> -4)
A: no striking features
a: no special abilities


You were on level 4 of the Dungeon.
You were not hungry.

You visited 1 branch of the dungeon, and saw 4 of its levels.

You collected 131 gold pieces.

Inventory:

Hand Weapons
 a - a +0 war axe (weapon)
Armour
 b - a +0 pair of boots (worn)
 c - a +0 shield (worn)
 i - a +3 scale mail of fire resistance (worn)
Scrolls
 e - 2 scrolls of enchant weapon {unknown}
 h - a scroll of remove curse {unknown}
 l - a scroll of identify {unknown}
Comestibles
 f - 3 bread rations
 j - a meat ration
 k - 2 royal jellies


   Skills:
 * Level 4.5 Fighting
 * Level 5.8 Axes
 * Level 4.5 Armour
 * Level 4.4 Shields


You had 5 spell levels left.
You didn't know any spells.

Dungeon Overview and Level Annotations

Branches:
Dungeon (4/15)
 Temple: D:4-7

Altars:
Hepliaklqana
The Shining One


Message History

* * * LOW HITPOINT WARNING * * *
You feel sick.
* * * LOW HITPOINT WARNING * * *
You feel sick.
* * * LOW HITPOINT WARNING * * *
You feel sick.
* * * LOW HITPOINT WARNING * * *
You feel sick.
* * * LOW HITPOINT WARNING * * *
You feel sick.
* * * LOW HITPOINT WARNING * * *
You feel sick.
You feel a little less mighty now.
* * * LOW HITPOINT WARNING * * *
You feel sick.
* * * LOW HITPOINT WARNING * * *
You feel sick.
* * * LOW HITPOINT WARNING * * *
You feel sick.
You die...

### ### .### #.. ...
...[ #.# #.# #.. # #.#
#.# #.#
#.###.###.###.##
#.........##...###
.######.............#
.....<...######.).#...
########.# ##@## #.#
#.....)...... #.#
#..##........ #.....
.#......# ####. .
....... # ## #######


There were no monsters in sight!

Vanquished Creatures
  2 orc wizards (D:4)
  Jessica (D:2)
  Natasha (twice) (D:2)
  Terence (D:2)
  5 adders (D:2)
  An ooze (D:1)
  2 worms (D:2)
  A dart slug (D:1)
  A leopard gecko (D:1)
  3 orcs (D:4)
  2 giant cockroaches
  9 goblins
  4 hobgoblins
  7 jackals
  4 kobolds
  2 quokkas
  A ball python (D:1)
  7 bats (D:1)
  6 frilled lizards
  A rat (D:2)
62 creatures vanquished.

Notes
Turn   | Place    | Note
-------+----------+-------------------------------------------
     0 | D:1      | homeworkjunkie the Hill Orc Fighter began the quest for the Orb.
     0 | D:1      | Reached XP level 1. HP: 19/19 MP: 1/1
   135 | D:2      | Noticed Terence
   147 | D:2      | Killed Terence
   147 | D:2      | Reached skill level 3 in Axes
   147 | D:2      | Reached XP level 2. HP: 18/27 MP: 2/2
   147 | D:2      | Reached XP level 3. HP: 22/33 MP: 3/3
   337 | D:2      | Reached XP level 4. HP: 39/40 MP: 4/4
   834 | D:2      | Found a glowing golden altar of the Shining One.
   984 | D:2      | Noticed Jessica
   997 | D:2      | Killed Jessica
  1095 | D:2      | Noticed Natasha
  1104 | D:2      | Killed Natasha
  1104 | D:2      | Reached skill level 4 in Axes
  1104 | D:2      | Reached XP level 5. HP: 27/47 MP: 5/5
  1492 | D:2      | Noticed Natasha
  1495 | D:2      | Killed Natasha
  1734 | D:1      | Reached skill level 5 in Axes
  2088 | D:3      | Found a hazy altar of Hepliaklqana.
  2182 | D:4      | Reached XP level 6. HP: 46/53 MP: 6/6
  2208 | D:4      | HP: 2/53 [poisoned by an orc]
  2213 | D:4      | Succumbed to an orc's poison

Skill      XL: |  1  2  3  4  5 |
---------------+----------------+-----
Fighting       | 4 |  4.5
Axes           | 3 4 5 |  5.8
Shields        | 4 |  4.4
Armour         | 4 |  4.5

Action                   |  1- 3 |  4- 6 || total
-------------------------+-------+-------++-------
Melee: War axe           |    80 |   163 ||   243
  Use: Potion            |     1 |     2 ||     3
       Scroll            |     2 |     1 ||     3
  Eat: Meat ration       |       |     1 ||     1
       Royal jelly       |       |     1 ||     1
Armor: Scale mail        |    60 |    67 ||   127
Dodge: Dodged            |    37 |    39 ||    76
Block: Shield            |    60 |    86 ||   146
